 Dungeon Crawl Stone Soup version 0.31.0-32-g396128a36d (webtiles) character file.

Game seed: 7710499351844998128

18901 TacoSundae the Grappler (level 12, -2/64 HPs)
             Began as a Vine Stalker Shapeshifter on Apr 7, 2024.
             Was a Follower of Makhleb.
             Slain by a death yak (18 damage)
             ... on level 2 of the Lair of Beasts.
             The game lasted 00:40:55 (11319 turns).

TacoSundae the Grappler (VSSh)                     Turns: 11319, Time: 00:40:55

Health: -2/64      AC:  5    Str: 21    XL:     12   Next: 63%
Magic:  0/14       EV: 21    Int: 12    God:    Makhleb [*.....]
Gold:   296        SH:  5    Dex: 21    Spells: 11/11 levels left

rFire   x .          .
                       - Unarmed
rCold   . . .        (shield currently unavailable)
rNeg    . . .        e - melded +0 leather armour
rPois   +            E - +2 helmet
rElec   +            (no cloak)
rCorr   .            s - +0 pair of gloves
SInv    .            f - +0 pair of boots
Will    ++...        F - amulet of reflection
Stlth   +            I - ring of Lies {Wiz rElec Int+2 Dex+3}
HPRegen 1.10/turn    J - ring "Kic Vytz" {rPois rF- Will+ Dex+3 Stlth+}
MPRegen 0.14/turn

%: reflection, guardian spirit, wizardry (x1)
@: about to teleport, flux-form, glowing
A: glow, contaminating, fangs 3, regeneration 1, magic shield, antimagic bite,
no potion heal 2
a: Begin Untransformation, Renounce Religion


You were on level 2 of the Lair of Beasts.
You worshipped Makhleb.
Makhleb was aware of your devotion.
You were something dangerously unstable.
You visited 3 branches of the dungeon, and saw 15 of its levels.
You also visited: Gauntlet.

You collected 552 gold pieces.
You spent 256 gold pieces at shops.

Inventory:

Hand Weapons
 l - a +0 dagger of electrocution
Missiles
 j - 13 poisoned darts (quivered)
 A - 2 throwing nets
 B - a curare-tipped dart
Armour
 e - a +0 leather armour (melded)
 f - a +0 pair of boots (worn)
 s - a +0 pair of gloves (worn)
 v - the +1 cloak "Pack" {^Drain Regen+ Str+3 SInv}
   (You found it in a Gauntlet)

   Str+3:     It affects your strength (+3).
   SInv:      It lets you see invisible.
   Regen+:    It increases your rate of health regeneration.
   ^Drain:    It drains your maximum health when unequipped.
 E - a +2 helmet (worn)
 H - a scarf of repulsion
 O - +2 swamp dragon scales
Magical Staves
 G - a staff of alchemy
Jewellery
 a - a ring of magical power
 C - a ring of resist corrosion
 F - an amulet of reflection (around neck)
 I - the ring of Lies (left hand) {Wiz rElec Int+2 Dex+3}
   (You found it in a Gauntlet)

   [ring of wizardry]

   Wiz:       It improves your spell success rate.
   Int+2:     It affects your intelligence (+2).
   Dex+3:     It affects your dexterity (+3).
   rElec:     It insulates you from electricity.
 J - the ring "Kic Vytz" (right hand) {rPois rF- Will+ Dex+3 Stlth+}
   (You took it off a minotaur in a Gauntlet)

   [ring of willpower]

   Dex+3:     It affects your dexterity (+3).
   rF-:       It makes you vulnerable to fire.
   rPois:     It protects you from poison Will+: It increases your willpower.
   Stlth+:    It makes you more stealthy.
 N - a ring of positive energy
Talismans
 c - a beast talisman
 d - a flux talisman (active)
Wands
 b - a wand of flame (32)
 w - a wand of paralysis (13)
 x - a wand of polymorph (8)
 z - a wand of mindburst (8)
 M - a wand of roots (6)
Scrolls
 g - 2 scrolls of fog
 q - a scroll of vulnerability
 r - 6 scrolls of identify
 y - a scroll of teleportation
 K - a scroll of brand weapon
Potions
 h - a potion of mutation
 k - 3 potions of enlightenment
 n - 2 potions of lignification
 o - a potion of attraction
 t - a potion of might
 u - a potion of cancellation
Miscellaneous
 p - a phantom mirror
 D - a sack of spiders
 L - a condenser vane


   Skills:
 + Level 8.1 Fighting
 + Level 7.5 Dodging
 + Level 13.0 Unarmed Combat
 + Level 2.3 Invocations
 + Level 10.7 Shapeshifting


You had 11 spell levels left.
You didn't know any spells.
Your spell library contained the following spells:

 Spells                   Type           Power      Damage    Failure   Level
 Ensorcelled Hibernation  Hex/Ice        0%         N/A       21%         2
 Hailstorm                Conj/Ice       0%         3d5       36%         3
 Passwall                 Erth           0%         N/A       36%         3
 Summon Ice Beast         Ice/Summ       0%         N/A       36%         3
 Swiftness                Air            0%         N/A       36%         3
 Tukima's Dance           Hex            0%         N/A       36%         3
 Volatile Blastmotes      Fire/Tloc      0%         2d10      36%         3
 Brom's Barrelling Bould  Conj/Erth      0%         2d3       75%         4
 Fulminant Prism          Conj/Alch      0%         3d5       75%         4
 Iskenderun's Mystic Bla  Conj/Tloc      0%         2d3       75%         4
 Passage of Golubria      Tloc           0%         N/A       75%         4
 Fireball                 Conj/Fire      0%         3d3       97%         5
 Iskenderun's Battlesphe  Conj           0%         2d6       97%         5
 Yara's Violent Unravell  Hex/Alch       0%         3d3       97%         5
 Conjure Ball Lightning   Conj/Air       0%         3x3d6     100%        6
 Sculpt Simulacrum        Ice/Alch       0%         N/A       100%        6
 Orb of Destruction       Conj           0%         9d5       100%        7


Dungeon Overview and Level Annotations

Branches:
Dungeon (12/15)            Temple (1/1) D:7            Lair (2/5) D:9
  Snake (0/4) Lair:2      Gauntlet (visited)
  Swamp: Lair:2-3    Shoals: Lair:2-3       Orc: D:9-12

Altars:
Ashenzari
Cheibriados
Dithmenos
Elyvilon
Fedhas
Gozag
Hepliaklqana
Kikubaaqudgha
Makhleb
Nemelex Xobeh
Okawaru
Qazlal
Ru
Sif Muna
Trog
Uskayaw
Vehumet
Wu Jian
Xom
Yredelemnul
Zin
The Shining One

Shops:
D:5 [   D:7 [!?

Annotations:
D:9 exclusion: obsidian statue


Innate Abilities, Weirdness & Mutations

You are something dangerously unstable.
You glow with magical radiation, making you easy to see and hit.
Foes you strike become dangerously contaminated with magical radiation.
You are incapable of wielding weapons or throwing items.
You have razor-sharp teeth.
Your natural rate of healing is unusually fast.
When hurt, damage is shared between your health and your magic reserves.
Your bite disrupts and absorbs the magic of your enemies.
Potions cannot restore your health.


Message History

2 death yaks come into view.
The death yak bellows! x2
You block the cane toad's attack.
The cane toad attacks as it pursues you!
The cane toad barely misses you. The cane toad completely misses you.
The cane toad attacks as it pursues you!
The cane toad completely misses you. x2
The cane toad misses you.
The cane toad attacks as it pursues you!
The cane toad closely misses you.
The cane toad attacks as it pursues you!
The cane toad barely misses you.
You punch the cane toad!
The cane toad begins to glow.
You bite the cane toad, but do no damage.
The cane toad is moderately wounded.
The cane toad barely misses you.
You punch the cane toad!
The cane toad glows dangerously bright.
The cane toad is heavily wounded.
The cane toad stings you!!
You are poisoned.
The cane toad poisons you!
Unknown command.
You punch the cane toad!
The cane toad shudders as magic cascades through it!
You kill the cane toad!
Makhleb accepts your kill.
You feel very sick.
Your system rejects the healing.
You feel better.
As you read the scroll of teleportation, it crumbles to dust.
You feel strangely unstable.
The death yak bellows!
The death yak closely misses you.
The death yak attacks as it pursues you!
The death yak gores you!
* * * LOW HITPOINT WARNING * * *
You barely miss the death yak. You bite the death yak. You drain its power.
You feel invigorated.
The death yak is lightly wounded.
The death yak gores you!!
You die...

#.....>...P##..##..[............
##..P...P.######...............
#.†....### #..............##
#...#..P# #......Y.........
##.†###..# ###.....#.........
#..## #...# #.#.####..........
#...####...# #Y## ##......#..
##†...# ...# ##Y.# #.......#.
#.#..## #..# #p### .........
##...# ##.... ### .........
#....##..#.. .......
###.......... .... #............
#............ #............
####.......... ###†.........


You could see 2 death yaks.

Vanquished Creatures
  Gastronok (Lair:1)
  A minotaur (Gauntlet)
  A centaur warrior (D:11)
  2 two-headed ogres
  5 black mambas
  3 elephants (Lair:1)
  A gargoyle (D:11)
  2 cane toads
  3 komodo dragons (Lair:1)
  3 trolls
  3 blink frogs (Lair:1)
  2 hornets (D:9)
  Prince Ribbit (D:5)
  9 yaks
  A wyvern (D:7)
  2 steam dragons
  An acid dragon (D:10)
  Duvessa (D:5)
  9 water moccasins
  An orc warrior (D:6)
  A sky beast (D:6)
  2 ice beasts (D:6)
  4 black bears
  A laughing skull (Gauntlet)
  3 centaurs
  2 phantoms
  2 kobold brigands (D:9)
  A weeping skull (Gauntlet)
  5 bullfrogs (Lair:1)
  2 gnoll sergeants
  3 wights (D:6)
  Dowan (D:5)
  16 killer bees
  6 howler monkeys
  2 bombardier beetles
  An electric eel (D:7)
  3 hounds
  2 jellies
  4 orc priests
  2 sleepcaps (D:6)
  2 gnoll boudas
  Terence (D:2)
  Jessica (D:3)
  2 iguanas
  3 orc wizards
  13 gnolls
  8 adders
  2 white imps
  A dart slug (D:1)
  15 orcs
  5 bats
  8 endoplasms
  5 giant cockroaches
  6 goblins
  7 hobgoblins
  6 quokkas
  5 ball pythons
  5 frilled lizards
  19 kobolds
  6 rats
235 creatures vanquished.

Notes
Turn   | Place    | Note
-------+----------+-------------------------------------------
     0 | D:1      | TacoSundae the Vine Stalker Shapeshifter began the quest
                  | for the Orb.
     0 | D:1      | Reached XP level 1. HP: 9/9 MP: 2/2
    71 | D:1      | Reached XP level 2. HP: 14/14 MP: 3/3
   376 | D:1      | Reached XP level 3. HP: 17/17 MP: 4/4
   995 | D:2      | Reached skill level 4 in Unarmed Combat
  1170 | D:2      | Noticed Terence
  1196 | D:2      | Killed Terence
  1197 | D:2      | Reached XP level 4. HP: 5/18 MP: 2/5
  1734 | D:3      | Noticed Jessica
  1738 | D:3      | Killed Jessica
  2263 | D:3      | Reached XP level 5. HP: 24/24 MP: 6/6
  2271 | D:3      | Reached skill level 5 in Unarmed Combat
  2880 | D:4      | Noticed a phantom
  2899 | D:4      | Killed a phantom
  2900 | D:4      | Reached XP level 6. HP: 22/29 MP: 7/7
  3160 | D:4      | Reached skill level 6 in Unarmed Combat
  3171 | D:4      | Found a sparkling altar of Nemelex Xobeh.
  3466 | D:5      | Entered Level 5 of the Dungeon
  3691 | D:5      | Noticed a black bear
  3701 | D:5      | Killed a black bear
  3702 | D:5      | Reached XP level 7. HP: 27/32 MP: 8/8
  3902 | D:5      | Reached skill level 5 in Shapeshifting
  3907 | D:5      | Reached skill level 7 in Unarmed Combat
  4096 | D:5      | Noticed Prince Ribbit
  4169 | D:5      | Found Lunaofuo's Armour Emporium.
  4243 | D:5      | Noticed Dowan
  4268 | D:5      | Noticed Duvessa
  4291 | D:5      | Killed Duvessa
  4294 | D:5      | Killed Dowan
  4295 | D:5      | Gained mutation: You have razor-sharp teeth. [Vine Stalker
                  | growth]
  4295 | D:5      | Reached XP level 8. HP: 37/37 MP: 9/9
  4305 | D:5      | Reached skill level 8 in Unarmed Combat
  4485 | D:5      | Killed Prince Ribbit
  4644 | D:6      | Reached skill level 9 in Unarmed Combat
  4877 | D:6      | Reached XP level 9. HP: 36/40 MP: 10/10
  5080 | D:6      | Reached skill level 10 in Unarmed Combat
  5241 | D:7      | Found Torinata's Antique Armour Boutique.
  5294 | D:7      | Reached skill level 1 in Fighting
  5377 | D:7      | Found a staircase to the Ecumenical Temple.
  5387 | Temple   | Entered the Ecumenical Temple
  5398 | D:7      | Found Peistrel's Magic Scroll Emporium.
  5452 | D:7      | Found Nuod Fue's Distillery.
  5473 | D:7      | Bought a potion of might for 64 gold pieces
  5473 | D:7      | Bought 2 potions of degeneration for 32 gold pieces
  5473 | D:7      | Bought a potion of haste for 160 gold pieces
  5580 | D:7      | Noticed a +0 spear
  5581 | D:7      | Noticed a +0 falchion
  5581 | D:7      | Noticed a +0 spear
  5581 | D:7      | Noticed a +0 falchion
  5582 | D:7      | Noticed a +0 short sword
  5582 | D:7      | Noticed a +0 short sword
  5584 | D:7      | Noticed a +0 dagger
  5585 | D:7      | Noticed a +0 dagger
  5597 | D:7      | Found a hide-covered altar of Uskayaw.
  5770 | D:8      | Identified the +0 great sword "Imp's Undoing" {holy, rC+
                  | Str+2 Dex+2}
  6295 | D:8      | Reached skill level 5 in Dodging
  6295 | D:8      | Reached XP level 10. HP: 53/53 MP: 11/11
  6476 | D:9      | Paralysed by a hornet for 1 turns
  6479 | D:9      | Paralysed by a hornet for 1 turns
  6607 | D:9      | Paralysed by a hornet for 3 turns
  6706 | D:9      | Found a staircase to the Lair.
  6949 | D:9      | You fall into a shaft and drop 3 floors!
  7001 | D:10     | Entered Level 10 of the Dungeon
  7086 | D:10     | Reached skill level 11 in Unarmed Combat
  7093 | D:10     | Reached XP level 11. HP: 53/57 MP: 12/12
  7173 | D:10     | Noticed a two-headed ogre
  7182 | D:10     | Killed a two-headed ogre
  7317 | D:9      | Noticed an obsidian statue
  8097 | D:10     | Found a burning altar of Makhleb.
  8098 | D:10     | Found a glowing golden altar of the Shining One.
  8100 | D:10     | Became a worshipper of Makhleb the Destroyer
  9034 | D:11     | Noticed a centaur warrior
  9042 | D:11     | Killed a centaur warrior
  9090 | D:11     | Noticed a two-headed ogre
  9106 | D:11     | Killed a two-headed ogre
  9107 | D:11     | Reached skill level 10 in Shapeshifting
  9445 | Lair:1   | Entered Level 1 of the Lair of Beasts
  9475 | Lair:1   | Reached skill level 12 in Unarmed Combat
  9683 | Lair:1   | Reached * piety under Makhleb
  9698 | Lair:1   | Reached XP level 12. HP: 46/63 MP: 13/13
 10259 | Lair:1   | Noticed Gastronok
 10292 | Lair:1   | Killed Gastronok
 10553 | Lair:2   | Found a gate leading to a gauntlet.
 10561 | Gauntlet | Entered a Gauntlet
 10561 | Gauntlet | Found a transporter.
 10564 | Gauntlet | Found a transporter.
 10566 | Gauntlet | Found a transporter.
 10567 | Gauntlet | Noticed a catoblepas
 10570 | Gauntlet | Found a transporter.
 10571 | Gauntlet | Found a transporter.
 10572 | Gauntlet | Found a transporter.
 10573 | Gauntlet | Noticed a death yak
 10576 | Gauntlet | Noticed a death yak
 10576 | Gauntlet | Noticed a death yak
 10577 | Gauntlet | Noticed a quicksilver ooze
 10577 | Gauntlet | Noticed a death yak
 10590 | Gauntlet | Found a transporter.
 10595 | Gauntlet | Found a transporter.
 10622 | Gauntlet | Found a transporter.
 10639 | Gauntlet | Found a transporter.
 10643 | Gauntlet | Found a transporter.
 10644 | Gauntlet | Noticed a reaper
 10653 | Gauntlet | Found a transporter.
 10828 | Gauntlet | Identified the +1 cloak "Pack" {^Drain Regen+ Str+3 SInv}
 10844 | Gauntlet | Identified the ring of Lies {Wiz rElec Int+2 Dex+3}
 10865 | Gauntlet | Identified the ring "Kic Vytz" {rPois rF- Will+ Dex+3
                  | Stlth+}
 10865 | Gauntlet | Noticed a minotaur
 10876 | Gauntlet | Killed a minotaur
 10877 | Gauntlet | Reached skill level 1 in Invocations
 10984 | Lair:2   | HP: 1/64 [black mamba (7)]
 11151 | Lair:2   | Found a staircase to the Snake Pit.
 11231 | Lair:2   | Reached skill level 13 in Unarmed Combat
 11283 | Lair:2   | Noticed a seven-headed hydra
 11299 | Lair:2   | Noticed a death yak
 11301 | Lair:2   | Noticed a death yak
 11301 | Lair:2   | Noticed a death yak
 11319 | Lair:2   | Slain by a death yak

Illustrated notes

Levels and vault maps discovered:
D:1:      dpeg_arrival_long_road, layout_rooms, minmay_pentomino_t4
D:2:      layout_basic, grunt_ministairs_10, minmay_distorted, uniq_terence
D:3:      layout_loops_corners, uniq_jessica
D:4:      nicolae_cairo_tiling, layout_gridville, nemelex_diamond_rough_becter
D:5:      layout_loops_corners, serial_shops, shop, uniq_prince_ribbit1,
          uniq_duvessa
D:6:      layout_rooms
D:7:      layout_rooms, nicolae_uskayaw_en_pointe, minmay_temple_entry_ruins,
          serial_shops, shop, nicolae_shop_getting_attention,
          nicolae_water_bricks, nicolae_stop_n_shop_1
D:8:      layout_loops_ring
D:9:      layout_basic, lair_entry_dummy, minmay_statue_bubble
D:10:     layout_irregular_city, nicolae_overflow_squiral,
          serial_library_hellmonk_u_bend
D:11:     layout_loops_ring
D:12:     layout_loops_ring, kennysheep_orc_monster_closet_entryway
Temple:   regret_index_temple_mists
Lair:1:   layout_chaotic_city, st_stairs_8, grunt_megastairs_2, uniq_gastronok
Lair:2:   layout_hall_layers, minmay_snake_entry_six_corridors,
          gauntlet_entry_generic, lemuel_fruit_tree, uniq_amaemon

Skill      XL: |  1  2  3  4  5  6  7  8  9 10 11 12 |
---------------+-------------------------------------+-----
Unarmed Combat | 4 5 6 7 9 10 11 12 13 | 13.0
Shapeshifting  | 4 5 6 9 10 | 10.7
Fighting       | 6 7 8 |  8.1
Dodging        | 5 6 7 |  7.5
Invocations    | 2 |  2.3

Action                     |  1- 3 |  4- 6 |  7- 9 | 10-12 || total
---------------------------+-------+-------+-------+-------++-------
  Melee: Unarmed           |    72 |    95 |   175 |   401 ||   743
         Bite              |    13 |    27 |    46 |   154 ||   240
         Punch             |       |     3 |     8 |    10 ||    21
  Throw: Dart              |       |     1 |     1 |       ||     2
  Evoke: Wand              |       |     3 |    11 |    14 ||    28
    Use: Potion            |     1 |       |     1 |     7 ||     9
         Scroll            |       |     8 |     7 |    10 ||    25
   Stab: Sleeping          |       |     2 |       |     1 ||     3
 Armour: Leather armour    |    36 |    47 |   100 |    41 ||   224
         Animal skin       |     3 |       |       |       ||     3
         Skin              |     3 |       |       |   137 ||   140
  Dodge: Dodged            |    37 |    38 |    54 |   300 ||   429
  Block: Other             |       |       |       |    17 ||    17
   Form: Flux              |       |       |       |     2 ||     2
                           |       |       |       |     1 ||     1
         Beast             |       |       |       |     1 ||     1
